 Dungeon Crawl Stone Soup version 0.22-a0-392-g5dc3fd9 (webtiles) character file.

28863 tilp the Impaler (level 13, -2/113 HPs)
             Began as a Merfolk Ice Elementalist on May 1, 2018.
             Was a High Priest of Makhleb.
             Splashed by an oklob plant's acid (12 damage)
             ... on level 1 of the Lair of Beasts on May 2, 2018.
             The game lasted 01:19:35 (21972 turns).

tilp the Impaler (Merfolk Ice Elementalist)        Turns: 21972, Time: 01:19:36

Health: -2/113     AC:  6    Str: 15    XL:     13   Next: 41%
Magic:  22/22      EV: 20    Int: 19    God:    Makhleb [*****.]
Gold:   458        SH:  0    Dex: 19    Spells: 0/24 levels left

rFire    . . .     SeeInvis .   a - +3 halberd (flame)
rCold    . . .     Gourm    .   (shield currently unavailable)
rNeg     . . .     Faith    .   v - +0 leather armour {rPois}
rPois    +         Spirit   .   u - +0 helmet
rElec    .         Reflect  .   m - +2 cloak
rCorr    .         Harm     .   (no gloves)
MR       .....                  x - +2 pair of boots
Stlth    +++.......             W - amulet of Vitality {Regen+ HP+15}
HPRegen  0.68/turn              e - +5 ring of dexterity
MPRegen  0.18/turn              Y - +6 ring of strength

@: corroded
A: change form in water, swift swim, stealthy swim
a: Minor Destruction, Lesser Servant of Makhleb, Major Destruction, Greater
Servant of Makhleb, Renounce Religion


You were on level 1 of the Lair of Beasts.
You worshipped Makhleb.
Makhleb was extremely pleased with you.
You were hungry.

You visited 3 branches of the dungeon, and saw 16 of its levels.
You also visited: Labyrinth and Sewer.

You collected 880 gold pieces.
You spent 422 gold pieces at shops.

Inventory:

Hand Weapons
 a - a +3 halberd of flaming (weapon)
 b - the +10 quarterstaff of Listrieg {venom, rF+ MR+ Int+3}
   (You found it in a labyrinth)

   It poisons the flesh of those it strikes.
   It affects your intelligence (+3).
   It protects you from fire.
   It affects your resistance to hostile enchantments.
 t - the +9 dagger of Recklessness {protect, -Tele rPois Dex+5}
   (You found it on level 10 of the Dungeon)

   It protects the one who uses it against injury (+AC on strike).
   It affects your dexterity (+5).
   It protects you from poison.
   It prevents most forms of teleportation.
 y - a +0 glaive
Missiles
 G - 6 tomahawks (quivered)
 U - 16 javelins
Armour
 m - a +2 cloak (worn)
 o - +0 fire dragon scales
 u - a +0 helmet (worn)
 v - a +0 leather armour of poison resistance (worn)
 x - a +2 pair of boots (worn)
 O - a +0 troll leather armour
 P - a +2 robe of cold resistance
 X - a +2 robe of fire resistance
Magical Staves
 Q - an uncursed staff of cold
Jewellery
 e - a +5 ring of dexterity (left hand)
 W - the amulet of Vitality (around neck) {Regen+ HP+15}
   (You found it on level 2 of the Lair of Beasts)

   [amulet of regeneration]

   It affects your health (+15).
   It increases your rate of regeneration.
 Y - a +6 ring of strength (right hand)
Wands
 g - a wand of clouds (8)
 l - a wand of flame (41)
 z - a wand of disintegration (10)
 B - a wand of scattershot (3)
 C - a wand of iceblast (35)
 M - a wand of enslavement (17)
 T - a wand of polymorph (18)
Scrolls
 i - 5 scrolls of remove curse
 n - 8 scrolls of teleportation
 w - 3 scrolls of fog
 E - a scroll of enchant weapon
 F - 3 scrolls of amnesia
 H - a scroll of fear
 I - 2 scrolls of blinking
 J - a scroll of magic mapping
Potions
 d - a potion of invisibility {unknown}
 f - 4 potions of brilliance
 h - a potion of berserk rage
 k - 2 potions of magic
 p - 5 potions of heal wounds
 q - 3 potions of curing
 s - 2 potions of cancellation
 A - a potion of resistance
 K - 4 potions of might
 L - 4 potions of flight
 S - a potion of haste
 Z - a potion of lignification
Miscellaneous
 r - a fan of gales
 D - a sack of spiders
 R - a phantom mirror
Comestibles
 c - 21 rations


   Skills:
 - Level 8.0 Fighting
 - Level 16.3 Polearms
 - Level 10.0 Dodging
 - Level 4.2 Stealth
 - Level 6.0 Spellcasting
 - Level 4.2 Conjurations
 - Level 6.1 Charms
 + Level 11.1 Ice Magic
 - Level 6.1 Invocations
 - Level 4.1 Evocations


You couldn't memorise any spells.
You knew the following spells:

 Your Spells              Type           Power        Failure   Level  Hunger
a - Freeze                Ice            ####         1%          1    None
b - Throw Frost           Conj/Ice       ####..       1%          2    None
c - Ozocubu's Armour      Chrm/Ice       #####...     1%          3    ##.....
d - Throw Icicle          Conj/Ice       ####....     6%          4    ####...
e - Swiftness             Chrm/Air       ###.....     6%          2    None
f - Blink                 Tloc           N/A          21%         2    None
g - Conjure Flame         Conj/Fire      ##......     17%         3    ##.....
h - Apportation           Tloc           #.....       14%         1    None
i - Spectral Weapon       Hex/Chrm       ###.....     12%         3    ##.....
j - Regeneration          Chrm/Necr      ###.......   12%         3    ##.....


Dungeon Overview and Level Annotations

Branches:
Dungeon (10/15)            Temple (1/1) D:6            Lair (5/6) D:10
 Shoals (0/4) Lair:2        Snake (0/4) Lair:2          Orc (0/2) D:9
  Slime: Lair:5-6

Altars:
Ashenzari
Cheibriados
Dithmenos
Elyvilon
Fedhas
Gozag
Hepliaklqana
Kikubaaqudgha
Makhleb
Nemelex Xobeh
Okawaru
Qazlal
Ru
Sif Muna
Trog
Uskayaw
Vehumet
Wu Jian
Xom
Yredelemnul
Zin
The Shining One

Shops:
D:4 *   D:6 (   D:9 ?

Annotations:
D:3 Sigmund
D:8 Gastronok
Lair:1 exclusion: oklob plant
Lair:4 exclusion: hog, Nessos, Rupert


Message History

You hit the bush but do no damage.
The bush is heavily damaged.
You slash the bush! You burn the bush!
The bush is severely damaged.
You hit the bush. You burn the bush.
The bush is severely damaged.
The oklob plant spits acid at you. The splash of acid hits you!
You are splashed with acid!
The acid burns!
You puncture the bush! You burn the bush.
The bush is almost destroyed.
You slash the bush! You burn the bush.
You destroy the bush!
The oklob plant spits acid at you. The splash of acid hits you!
You are splashed with acid!
The acid burns!
* * * LOW HITPOINT WARNING * * *
The oklob plant spits acid at you. The splash of acid hits you!
* * * LOW HITPOINT WARNING * * *
You are splashed with acid!
The acid burns!
You die...

#### ###..##### ###
###........## #.#
#.#........P###..
##...............
#####..#...........#.
##/..@##..............
##....####..........###
### #..$...#
#.........####
#..####..PP...#
###.#.#...# #.
#...#../PPP..#
####....# ##
##......PPP..# ##...##
# #........[..##
##....### #
##...#.....#. #.......#
#....###### #
#.......##


You could see an oklob plant.

Vanquished Creatures
  A minotaur (Lab)
  Fannar (D:10)
  3 hydras
  Erica (Lair:2)
  2 two-headed ogres (D:10)
  Sonja (D:10)
  Maurice (D:8)
  Joseph (D:7)
  A merfolk siren (Lair:2)
  2 black mambas
  A torpor snail (Lair:5)
  7 spiny frogs
  8 komodo dragons
  2 rime drakes (Lair:3)
  A queen bee (D:8)
  2 trolls
  9 blink frogs
  4 dream sheep (Lair:5)
  2 hippogriffs
  26 yaks
  3 wyverns
  2 basilisks
  2 hungry ghosts
  5 wargs
  4 nagas (Lair:2)
  11 water moccasins
  6 orc warriors
  5 porcupines
  2 ogres (D:5)
  A hornet zombie (D:10)
  2 sky beasts
  11 wolves
  2 centaurs
  6 crocodiles
  6 big kobolds
  8 bullfrogs
  A wyvern zombie (D:10)
  2 scorpions
  13 killer bees
  2 electric eels
  4 howler monkeys
  6 crimson imps
  2 hounds
  2 bullfrog skeletons
  2 orc priests (D:9)
  Crazy Yiuf (D:3)
  4 jellies
  9 orc wizards
  Ijyb (D:3)
  An iguana (D:7)
  9 worker ants
  A hound skeleton (D:10)
  20 adders
  7 gnolls
  5 river rats (D:6)
  3 shadow imps
  An ooze (Sewer)
  4 worms
  A dart slug (D:1)
  5 leopard geckos
  37 orcs
  9 bats
  8 giant cockroaches
  5 goblins
  10 hobgoblins
  9 jackals
  2 quokkas
  8 ball pythons
  6 frilled lizards
  40 kobolds
  3 leopard gecko skeletons
  13 rats
  A bush (Lair:1)
409 creatures vanquished.

Vanquished Creatures (others)
  9 fungi
  5 plants
  17 toadstools (Lair:2)
31 creatures vanquished.

Grand Total: 440 creatures vanquished

Notes
Turn   | Place    | Note
-------+----------+-------------------------------------------
     0 | D:1      | tilp the Merfolk Ice Elementalist began the quest for the Orb.
     0 | D:1      | Reached XP level 1. HP: 13/13 MP: 3/3
   267 | D:1      | Reached XP level 2. HP: 19/19 MP: 0/5
   798 | D:1      | Reached XP level 3. HP: 23/24 MP: 2/6
  1055 | D:1      | Learned a level 2 spell: Throw Frost
  1059 | D:1      | Learned a level 3 spell: Ozocubu's Armour
  1651 | D:2      | Reached skill level 5 in Ice Magic
  1775 | D:2      | Reached XP level 4. HP: 27/30 MP: 3/7
  2527 | D:3      | Noticed Ijyb
  2528 | D:3      | Paralysed by Ijyb for 6 turns
  2574 | D:2      | Reached XP level 5. HP: 31/35 MP: 1/8
  2753 | D:3      | Noticed Sigmund
  2802 | D:3      | Found an ancient bone altar of Kikubaaqudgha.
  3404 | D:3      | Paralysed by Ijyb for 3 turns
  3417 | D:3      | Paralysed by Ijyb for 4 turns
  3425 | D:3      | Paralysed by Ijyb for 6 turns
  3427 | D:3      | Killed Ijyb
  3569 | D:3      | Found a runed door.
  3765 | D:3      | Noticed Crazy Yiuf
  3769 | D:3      | Killed Crazy Yiuf
  3769 | D:3      | Reached skill level 1 in Fighting
  3769 | D:3      | Reached XP level 6. HP: 43/43 MP: 0/9
  4544 | D:4      | Found Gozag's Platinum Reserve.
  4550 | D:4      | Found an opulent altar of Gozag.
  4896 | D:5      | Entered Level 5 of the Dungeon
  4925 | D:5      | Reached XP level 7. HP: 46/52 MP: 8/10
  5017 | D:5      | Reached skill level 5 in Dodging
  5349 | D:5      | Reached skill level 1 in Charms
  5927 | D:6      | Reached XP level 8. HP: 58/58 MP: 1/11
  6123 | D:6      | Found a glowing drain.
  6157 | Sewer    | Entered a sewer
  6858 | D:6      | Found a staircase to the Ecumenical Temple.
  6892 | Temple   | Entered the Ecumenical Temple
  7000 | Temple   | Became a worshipper of Makhleb the Destroyer
  7028 | D:6      | Found Fyliyffu's Weapon Shoppe.
  7218 | D:6      | Found a shattered altar of Ashenzari.
  7598 | D:6      | Bought a +3 halberd of flaming for 266 gold pieces
  7848 | D:7      | Reached skill level 10 in Ice Magic
  8051 | D:7      | Noticed an air elemental
  8053 | D:7      | Found a stormy altar of Qazlal.
  8072 | D:7      | Reached * piety under Makhleb
  8145 | D:7      | Reached skill level 2 in Polearms
  8173 | D:7      | Reached XP level 9. HP: 49/63 MP: 5/12
  8262 | D:7      | Reached skill level 3 in Polearms
  8348 | D:7      | Found a white marble altar of Elyvilon.
  8763 | D:8      | Reached skill level 4 in Polearms
  8772 | D:8      | Noticed a queen bee
  9025 | D:8      | Noticed Gastronok
  9152 | D:8      | Reached skill level 5 in Polearms
  9382 | D:8      | Killed a queen bee
  9382 | D:8      | Reached skill level 7 in Polearms
  9675 | D:8      | Noticed Joseph
  9693 | D:7      | Reached skill level 8 in Polearms
  9713 | D:7      | Killed Joseph
  9713 | D:7      | Reached ** piety under Makhleb
  9713 | D:7      | Reached skill level 9 in Polearms
 10019 | D:8      | Noticed a troll
 10255 | D:8      | Noticed Maurice
 10323 | D:8      | Killed Maurice
 10323 | D:8      | Reached skill level 10 in Polearms
 10323 | D:8      | Reached XP level 10. HP: 54/70 MP: 16/16
 10557 | D:8      | Reached skill level 11 in Polearms
 10570 | D:8      | Noticed a two-headed ogre
 11224 | D:8      | Reached skill level 12 in Polearms
 11230 | D:8      | Found a sparkling altar of Nemelex Xobeh.
 11260 | D:8      | Got a jewelled quarterstaff {drain}
 11270 | D:8      | Learned a level 2 spell: Swiftness
 11379 | D:8      | Found a glowing golden altar of the Shining One.
 11407 | D:8      | Found a glowing silver altar of Zin.
 11408 | D:8      | Noticed an angel
 11521 | D:8      | Found a shattered altar of Ashenzari.
 11777 | D:9      | Found a snail-covered altar of Cheibriados.
 12138 | D:9      | Found a staircase to the Orcish Mines.
 12513 | D:9      | Found Kairr's Magic Scroll Shoppe.
 12517 | D:9      | Bought a scroll of identify for 24 gold pieces
 12517 | D:9      | Bought a scroll of identify for 24 gold pieces
 12517 | D:9      | Bought a scroll of fog for 24 gold pieces
 12517 | D:9      | Bought a scroll of identify for 24 gold pieces
 12517 | D:9      | Bought a scroll of noise for 12 gold pieces
 12517 | D:9      | Bought a scroll of identify for 24 gold pieces
 12517 | D:9      | Bought a scroll of identify for 24 gold pieces
 12919 | D:10     | Entered Level 10 of the Dungeon
 12919 | D:10     | Noticed Sonja
 12927 | D:10     | Reached skill level 13 in Polearms
 12936 | D:10     | Killed Sonja
 13254 | D:10     | Reached skill level 14 in Polearms
 13258 | D:10     | Noticed Fannar
 13704 | D:9      | Reached skill level 15 in Polearms
 13806 | D:10     | Found a staircase to the Lair.
 13824 | D:10     | Noticed a two-headed ogre
 13847 | D:10     | Reached *** piety under Makhleb
 13921 | D:10     | Reached XP level 11. HP: 75/75 MP: 17/17
 14058 | D:10     | Killed Fannar
 14058 | D:10     | Reached skill level 16 in Polearms
 14189 | D:10     | Killed a two-headed ogre
 14563 | D:10     | Reached skill level 5 in Fighting
 15104 | D:10     | Noticed a two-headed ogre
 15114 | D:10     | Killed a two-headed ogre
 15226 | D:10     | Got a crude dagger
 15265 | Lair:1   | Entered Level 1 of the Lair of Beasts
 15727 | Lair:1   | Noticed an oklob plant
 15791 | Lair:1   | Got a transparent scale mail
 16940 | Lair:1   | Learned a level 4 spell: Throw Icicle
 17326 | Lair:2   | Found the amulet of Vitality {Regen+ HP+15}
 17369 | Lair:2   | Found a staircase to the Snake Pit.
 17386 | Lair:2   | Reached XP level 12. HP: 92/92 MP: 18/18
 17414 | Lair:2   | Reached skill level 10 in Dodging
 17419 | Lair:2   | Reached skill level 1 in Conjurations
 17474 | Lair:2   | Noticed Erica
 17517 | Lair:2   | Reached **** piety under Makhleb
 17527 | Lair:2   | Killed Erica
 17719 | Lair:2   | Found a staircase to the Shoals.
 17751 | Lair:2   | Identified Ixui's Incunabulum of Flight and Dislocation
 17756 | Lair:2   | Learned a level 2 spell: Blink
 17760 | Lair:2   | Learned a level 3 spell: Conjure Flame
 18057 | Lair:3   | Reached skill level 5 in Invocations
 18300 | Lair:3   | Learned a level 1 spell: Apportation
 18394 | Lair:3   | Reached skill level 5 in Spellcasting
 18601 | Lair:3   | Learned a level 3 spell: Spectral Weapon
 19012 | Lair:3   | Identified the +9 dagger of Recklessness {protect, -Tele rPois Dex+5} (You found it on level 10 of the Dungeon)
 19013 | Lair:3   | Identified the +4 quarterstaff of the Spectre {drain, Dex+2} (You took it off Maurice on level 8 of the Dungeon)
 19025 | Lair:3   | Identified the cursed +1 scale mail "Seush" {SInv Stlth+} (You found it on level 1 of the Lair of Beasts)
 19084 | Lair:4   | Found a labyrinth entrance.
 19104 | Lab      | Entered a labyrinth
 19203 | Lab      | Noticed a minotaur
 19219 | Lab      | Killed a minotaur
 19227 | Lab      | Identified the Tome of Changing and Dislocation
 19227 | Lab      | Identified the Volume of Flames and Confrontation
 19228 | Lab      | Got a smoking granite ring
 19229 | Lab      | Got a fine quarterstaff
 19229 | Lab      | Got a pair of ancient boots
 19318 | Lair:4   | Noticed Rupert
 19363 | Lair:4   | Identified the +10 quarterstaff of Listrieg {venom, rF+ MR+ Int+3} (You found it in a labyrinth)
 19374 | Lair:4   | Identified the cursed +0 pair of boots of Courage {-Tele *Corrode Str+8} (You found it in a labyrinth)
 19375 | Lair:4   | Identified the ring of Checkmate {rPois rC- MR- AC+2 Str+8} (You found it in a labyrinth)
 19407 | Lair:4   | Noticed Nessos
 19463 | Lair:4   | Noticed a five-headed hydra
 19481 | Lair:4   | Killed a three-headed hydra
 19619 | Lair:4   | Reached skill level 1 in Evocations
 19724 | Lair:4   | Paralysed by Rupert for 2 turns
 19800 | Lair:4   | Noticed a four-headed hydra
 19818 | Lair:4   | Killed a one-headed hydra
 19988 | Lair:4   | Reached XP level 13. HP: 98/98 MP: 17/22
 20433 | Lair:5   | Learned a level 3 spell: Regeneration
 20704 | Lair:5   | Reached skill level 5 in Charms
 21468 | Lair:5   | Reached ***** piety under Makhleb
 21972 | Lair:1   | Splashed by an oklob plant's acid

Vault maps used:
D:1:      sevenhm_arrival_forest_fort_small_3
D:3:      kiku_gazebo_pond_becter, uniq_sigmund, uniq_ijyb,
          uniq_crazy_yiuf_cottage
D:4:      nicolae_gozag_zags_fifth_avenue, first_ration,
          hangedman_decor_peaks_small
D:5:      feat_on_display
D:6:      minmay_temple_entry_trees, serial_shops, shop_fountains,
          lightli_sewer_entry_pipes, evilmike_ruin_ashenzari
D:7:      nicolae_qazlal_style_of_elements, elyvilon_altar_1
D:8:      kennysheep_little_box, tso_metal_star, lemuel_crystal_altar,
          zin_angel, david_nohive_1, uniq_joseph, uniq_gastronok, uniq_maurice
D:9:      overflow_temple_1_default, erik_orc_3, serial_shops,
          nicolae_shop_crystal, minmay_fountain_box, kennysheep_generic_room_14
D:10:     lair_entry_dummy, nooodl_orcs_dogs, uniq_sonja, uniq_fannar
Temple:   dshaligram_water_room_temple
Lair:1:   minmay_lair_oklob_bushes
Lair:2:   minmay_shoals_entry_lonely_mermaid,
          minmay_snake_entry_guardpost_medium, tgw_fedhas, uniq_erica
Lair:4:   lab_entry_generic, grunt_megastairs_4, serial_bayou_shore_b,
          uniq_rupert, uniq_nessos, uniq_kirke
Lair:5:   grunt_megastairs_5, serial_bayou_shore_b, serial_bayou_shore_b,
          lemuel_fruit_fields
Lab:      labyrinth_skeletal_remains, nicolae_lab_starburst,
          nicolae_lab_t_cross, lab_block
Sewer:    kennysheep_pipe_town

Skill      XL: |  1  2  3  4  5  6  7  8  9 10 11 12 13 |
---------------+----------------------------------------+-----
Ice Magic      | 4 5 6 7 10 11 | 11.1
Fighting       | 1 3 8 |  8.0
Dodging        | 4 6 9 10 | 10.0
Charms         | 3 6 |  6.1
Polearms       | 2 10 15 16 | 16.3
Spellcasting   | 4 6 |  6.0
Conjurations   | 4 |  4.2
Invocations    | 6 |  6.1
Evocations     | 4 |  4.1
Stealth        | 4 |  4.2

Action                   |  1- 3 |  4- 6 |  7- 9 | 10-12 | 13-15 || total
-------------------------+-------+-------+-------+-------+-------++-------
Melee: Unarmed           |     7 |       |       |       |       ||     7
       Dagger            |    70 |   138 |   461 |   105 |       ||   774
       Tailslap          |       |       |     9 |     1 |       ||    10
       Halberd           |       |       |       |   567 |   150 ||   717
       Glaive            |       |       |       |    28 |       ||    28
Throw: Stone             |    20 |     5 |     4 |       |       ||    29
       Tomahawk          |       |       |       |     6 |     1 ||     7
 Cast: Freeze            |    44 |    30 |    97 |    82 |     3 ||   256
       Ozocubu's Armour  |     2 |    13 |    36 |    68 |    15 ||   134
       Throw Frost       |     1 |    22 |    22 |    21 |       ||    66
       Throw Icicle      |       |       |       |     2 |    11 ||    13
       Conjure Flame     |       |       |       |     2 |     4 ||     6
       Spectral Weapon   |       |       |       |     1 |       ||     1
Invok: Lesser Servant of |       |       |       |     3 |       ||     3
Evoke: Wand              |       |       |     4 |     5 |     1 ||    10
  Use: Scroll            |       |     6 |     9 |    15 |     1 ||    31
       Potion            |       |       |     3 |     4 |     2 ||     9
 Stab: Sleeping          |     3 |     5 |     7 |     9 |     1 ||    25
       Distracted        |       |       |     3 |     1 |       ||     4
       Paralysed         |       |       |     1 |     2 |       ||     3
  Eat: Chunk             |     4 |     9 |    13 |    31 |     4 ||    61
       Ration            |       |     1 |     3 |     4 |     1 ||     9
Armor: Robe              |    29 |    42 |   130 |   150 |       ||   351
       Leather armour    |       |       |       |    10 |    24 ||    34
Dodge: Dodged            |    83 |    89 |   441 |   479 |    83 ||  1175

Table legend:
 A = Spawn XP
 B = Non-spawn XP
 C = Spawn XP percentage of total XP
 D = Spawn monster count
 E = Non-spawn monster count
 F = Spawn count percentage of total count
 G = Total turns spent on level
                    A         B        C        D         E        F      G
               +---------+---------+-------+---------+---------+-------+---------
         Total |       0 |   41234 |   0.0 |       0 |     408 |   0.0 | 21972
               +---------+---------+-------+---------+---------+-------+---------
           D:1 |       0 |      55 |   0.0 |       0 |      30 |   0.0 |  1454
           D:2 |       0 |     134 |   0.0 |       0 |      34 |   0.0 |  1192
           D:3 |       0 |     172 |   0.0 |       0 |      23 |   0.0 |  1244
           D:4 |       0 |     232 |   0.0 |       0 |      13 |   0.0 |  1006
           D:5 |       0 |     599 |   0.0 |       0 |      16 |   0.0 |  1023
           D:6 |       0 |     480 |   0.0 |       0 |      30 |   0.0 |  1043
           D:7 |       0 |    1277 |   0.0 |       0 |      33 |   0.0 |  2035
           D:8 |       0 |    2334 |   0.0 |       0 |      30 |   0.0 |  2090
           D:9 |       0 |    2539 |   0.0 |       0 |      38 |   0.0 |  2168
          D:10 |       0 |    5925 |   0.0 |       0 |      28 |   0.0 |  1355
        Lair:1 |       0 |    3472 |   0.0 |       0 |      18 |   0.0 |  1669
        Lair:2 |       0 |    4557 |   0.0 |       0 |      19 |   0.0 |  1197
        Lair:3 |       0 |    5336 |   0.0 |       0 |      24 |   0.0 |  1088
        Lair:4 |       0 |    4545 |   0.0 |       0 |      11 |   0.0 |  1175
        Lair:5 |       0 |    8547 |   0.0 |       0 |      36 |   0.0 |  1397
           Lab |       0 |     800 |   0.0 |       0 |       1 |   0.0 |   181
         Sewer |       0 |     230 |   0.0 |       0 |      24 |   0.0 |   530
               +---------+---------+-------+---------+---------+-------+---------
